 Dungeon Crawl Stone Soup version 0.26.0-8-g74fc34ddfb (webtiles) character file.

Game seed: 7639128107563286350

968 waddelsworth the Covered (level 7, -12/64 HPs)
             Began as a Minotaur Fighter on Jan 12, 2021.
             Mangled by Prince Ribbit (14 damage)
             ... on level 6 of the Dungeon.
             The game lasted 00:11:44 (4025 turns).

waddelsworth the Covered (Minotaur Fighter)         Turns: 4025, Time: 00:11:44

Health: -12/64     AC: 11    Str: 23    XL:     7   Next: 93%
Magic:  6/6        EV:  6    Int: 11    God:
Gold:   238        SH: 10    Dex:  9    Spells: 6/6 levels left

rFire    . . .     SeeInvis .   a - +0 war axe
rCold    . . .     Faith    .   c - +0 kite shield
rNeg     + . .     Spirit   .   y - +0 chain mail
rPois    .         Reflect  .   (helmet restricted)
rElec    .         Harm     +   B - scarf {harm}
rCorr    .         Rampage  .   F - +0 pair of gloves (curse)
Will     .....                  (no boots)
Stlth    ..........             (no amulet)
HPRegen  0.20/turn              C - ring of positive energy
MPRegen  0.10/turn              I - +6 ring of intelligence

@: mighty
A: retaliatory headbutt, horns 2
a: no special abilities


You were on level 6 of the Dungeon.
You visited 1 branch of the dungeon, and saw 6 of its levels.

You collected 238 gold pieces.

Inventory:

Hand Weapons
 a - a +0 war axe (weapon)
 q - a +1 vorpal spear
 t - a +1 vampiric whip
Missiles
 g - 16 atropa-tipped darts (quivered)
 m - 215 stones
 p - a throwing net
 A - 13 poisoned darts
Armour
 c - a +0 kite shield (worn)
 y - a +0 chain mail (worn)
 B - a scarf of harm (worn)
 F - a cursed +0 pair of gloves (worn)
Jewellery
 i - an uncursed amulet of magic regeneration
 C - a ring of positive energy (left hand)
 G - an uncursed amulet of faith
 I - a +6 ring of intelligence (right hand)
Wands
 w - a wand of paralysis (4)
 x - a wand of random effects (11)
 D - a wand of flame (45)
Scrolls
 e - 2 scrolls of fear {unknown}
 f - 9 scrolls of identify
 j - 2 scrolls of enchant armour {unknown}
 k - 2 scrolls of noise {unknown}
 l - 6 scrolls of remove curse {unknown}
 n - 4 scrolls of teleportation {unknown}
 u - a scroll of blinking {unknown}
 v - a scroll of enchant weapon {unknown}
 E - 3 scrolls of magic mapping {unknown}
Potions
 b - a potion of magic {unknown}
 d - a potion of might
 h - 3 potions of heal wounds {unknown}
 o - 2 potions of lignification {unknown}
 r - 2 potions of curing {unknown}
 s - a potion of resistance
 z - a potion of cancellation {unknown}
 H - a potion of attraction {unknown}
 J - a potion of invisibility {unknown}


   Skills:
 + Level 6.5 Fighting
 + Level 5.9 Axes
 + Level 6.6 Armour
 + Level 6.5 Shields


You had 6 spell levels left.
You didn't know any spells.
Your spell library was empty.

Dungeon Overview and Level Annotations

Branches:
Dungeon (6/15)
 Temple: D:4-7

Altars:
Dithmenos
Elyvilon
Fedhas
Kikubaaqudgha
Makhleb
Okawaru
Trog
Uskayaw
Vehumet
Wu Jian
Zin

Annotations:
D:6 Prince Ribbit


Innate Abilities, Weirdness & Mutations

You reflexively headbutt those who attack you in melee.
You have a pair of horns on your head.


Message History

Prince Ribbit hits you but does no damage.
There is a stone staircase leading up here.
Prince Ribbit hits you but does no damage.
You closely miss Prince Ribbit. Prince Ribbit hits you!
Prince Ribbit catches a baby bat with his tongue.
Prince Ribbit hits you but does no damage.
You miss Prince Ribbit. Your headbutt misses Prince Ribbit.
Prince Ribbit croaks regally.
Prince Ribbit hits you. Prince Ribbit hits you!
* * * LOW HITPOINT WARNING * * *
You slash Prince Ribbit!
Prince Ribbit is heavily wounded.
Prince Ribbit hits you!
* * * LOW HITPOINT WARNING * * *
You feel very mighty all of a sudden. You block Prince Ribbit's attack. x2
You closely miss Prince Ribbit. Your headbutt misses Prince Ribbit.
Prince Ribbit is heavily wounded.
You block Prince Ribbit's attack. Prince Ribbit hits you!
You die...

#.........# .#.#
####.#.#### .#.. ..# #
#####.#.#####.#.# ..# .
................. ... .#
........#.##.##.# #.#
#.# # ######.#...#>##.#
#.#.....
#.......##.#####.#.#.#
#.#...#.##.##..).....#.#
#..........@FY..........
####.########.##.##.##.#
#.# #....# #.. #.####
### ... ... ..... .....
#.....#


You could see Prince Ribbit and an ice beast.

Vanquished Creatures
  An ice beast (D:5)
  A necrophage (D:6)
  3 ogres (D:5)
  A centaur (D:5)
  A scorpion (D:6)
  An orc priest (D:4)
  2 hounds (D:4)
  An iguana (D:3)
  Ijyb (D:3)
  A worker ant (D:5)
  A killer bee zombie (D:5)
  A hound skeleton (D:6)
  3 gnolls (D:2)
  A howler monkey skeleton (D:4)
  3 adders
  A shadow imp (D:3)
  An ufetubus (D:6)
  An adder zombie (D:5)
  An adder skeleton (D:6)
  4 worms
  A dart slug (D:5)
  2 leopard geckos
  7 orcs
  6 giant cockroaches
  7 hobgoblins
  25 jackals
  9 kobolds
  A quokka (D:4)
  8 bats
  6 frilled lizards
  8 goblins
  A leopard gecko skeleton (D:3)
  8 rats
119 creatures vanquished.

Vanquished Creatures (others)
  A wizard (D:5)
  A fungus (D:4)
2 creatures vanquished.

Grand Total: 121 creatures vanquished

Notes
Turn   | Place    | Note
-------+----------+-------------------------------------------
     0 | D:1      | waddelsworth the Minotaur Fighter began the quest for the
                  | Orb.
     0 | D:1      | Reached XP level 1. HP: 19/19 MP: 0/0
   218 | D:1      | Reached XP level 2. HP: 27/27 MP: 1/1
   627 | D:2      | Reached XP level 3. HP: 11/33 MP: 2/2
  1012 | D:2      | Found a hide-covered altar of Uskayaw.
  1023 | D:2      | HP: 1/33 [gnoll/+0 halberd (5)]
  1027 | D:2      | Reached XP level 4. HP: 2/41 MP: 3/3
  1802 | D:2      | Found an ancient bone altar of Kikubaaqudgha.
  1805 | D:2      | Found a shadowy altar of Dithmenos.
  1805 | D:2      | Found a white marble altar of Elyvilon.
  1816 | D:2      | Found a bloodstained altar of Trog.
  1818 | D:2      | Found an ornate altar of the Wu Jian Council.
  1920 | D:3      | Found a glowing silver altar of Zin.
  1995 | D:3      | Reached XP level 5. HP: 43/47 MP: 4/4
  2187 | D:3      | Noticed Ijyb
  2194 | D:3      | Killed Ijyb
  2544 | D:4      | Reached skill level 5 in Armour
  2554 | D:4      | Found a blossoming altar of Fedhas.
  2591 | D:4      | Reached skill level 5 in Fighting
  2594 | D:4      | Reached skill level 5 in Shields
  2943 | D:4      | Reached XP level 6. HP: 56/56 MP: 5/5
  2998 | D:5      | Entered Level 5 of the Dungeon
  3169 | D:5      | Noticed an ice beast
  3176 | D:5      | Killed an ice beast
  3177 | D:5      | Reached skill level 5 in Axes
  3177 | D:5      | Reached XP level 7. HP: 62/62 MP: 6/6
  3257 | D:5      | Found an iron altar of Okawaru.
  3709 | D:5      | Found a bloodstained altar of Trog.
  3710 | D:5      | Noticed a wizard
  3715 | D:5      | Killed a wizard
  3802 | D:6      | Found a radiant altar of Vehumet.
  3882 | D:6      | Found a burning altar of Makhleb.
  4002 | D:6      | Noticed Prince Ribbit
  4023 | D:6      | HP: 2/64 [Prince Ribbit (18)]
  4025 | D:6      | Mangled by Prince Ribbit

Illustrated notes

Levels and vault maps discovered:
D:1:      dpeg_arrival_pits, layout_rooms
D:2:      layout_rooms, nicolae_overflow_crystal_walls,
          minmay_overflow_temple_star_hex, minmay_misc_feat_tower,
          kennysheep_boxes
D:3:      layout_rooms, old_standard_altar, nrook_mini_backslash, uniq_ijyb
D:4:      layout_rooms, fedhas_altar_3
D:5:      layout_cave_pools, kennysheep_little_box, trog_wizard
D:6:      layout_loops_cross, vehumet_altar_wand_db,
          makhleb_blood_cavern_becter, uniq_prince_ribbit1

Skill      XL: |  1  2  3  4  5  6  7 |
---------------+----------------------+-----
Shields        | 4 5 6 |  6.5
Armour         | 4 5 6 |  6.6
Fighting       | 4 5 6 |  6.5
Axes           | 3 4 5 |  5.9

Action                   |  1- 3 |  4- 6 |  7- 9 || total
-------------------------+-------+-------+-------++-------
Melee: War axe           |    82 |   161 |    61 ||   304
       Headbutt          |    13 |    28 |     8 ||    49
  Use: Scroll            |       |     3 |       ||     3
       Potion            |       |       |     1 ||     1
Armor: Scale mail        |    44 |    28 |       ||    72
       Chain mail        |       |    50 |    38 ||    88
Dodge: Dodged            |    36 |    56 |    10 ||   102
Block: Kite shield       |    59 |    91 |    33 ||   183
